Cogmind - Beta 14 @@@ ROGUE MODE // 2024.09.05 @ 16:06:00 Player: Null_error Result: Destroyed by P-60 Hacker with Shock Rifle Performance ------------- Evolutions (0) 0 Regions Visited (3) 600 Robots Destroyed (18) 90 Value Destroyed (456) 456 Prototype IDs (25) 500 Alien Tech Used (0) 0 Bonus (300) 300 TOTAL SCORE: 1946 Bonus ------- Aligned with FarCom 300 Cogmind --------- Core Integrity 0/250 Matter 300/300 Energy 280/280 System Corruption 3% Temperature Cool (0) Movement Core (400) Ox7 Location -10/Exiles Parts ------- > --- POWER (1) -------- Heavy Ion Engine > --- PROPULSION (2) --- (None) > --- UTILITY (2) ------ Medium Storage Unit Experimental Sensor Array > --- WEAPON (2) ------- Mace Longsword +1 > --- INVENTORY (10) --- Flying Fortress v7 Small Storage Unit Particle Cannon Light Cannon Rocket Launcher Rocket Launcher Peak State ------------ > --- POWER ------------ Heavy Ion Engine > --- PROPULSION ------- Aluminum Leg Aluminum Leg > --- UTILITY ---------- Medium Storage Unit Experimental Sensor Array > --- WEAPON ----------- Mace Longsword +1 > --- INVENTORY -------- Flying Fortress v7 Small Storage Unit Particle Cannon Light Cannon Rocket Launcher Rocket Launcher [Rating: 29] Favorites ----------- Power Heavy Ion Engine Engine Heavy Ion Engine Propulsion Aluminum Leg Leg Aluminum Leg Wheel Compact Wheel Utility Signal Interpreter Device Experimental Sensor Array Storage Small Storage Unit Processor Signal Interpreter Weapon Mace Energy Gun Particle Gun Energy Cannon Particle Cannon Ballistic Gun Assault Rifle Ballistic Cannon Light Cannon Special Weapon Mining Laser Impact Weapon Mace Slashing Weapon Longsword +1 Build | -11 -10 -10 -10 ------- Run | Yrd Mat Min Exi Slots Evolved . | . . . . Power . | . . . . Propulsion . | . . . . Utility . | . . . . Weapon . | . . . . Parts Attached 30 | 9 15 3 3 Power 4 | 1 2 1 . Engine 4 | 1 2 1 . Core . | . . . . Reactor . | . . . . Propulsion 5 | 3 2 . . Treads . | . . . . Leg 3 | 1 2 . . Wheel 2 | 2 . . . Hover . | . . . . Flight . | . . . . Utility 12 | 3 6 1 2 Device 4 | 2 . 1 1 Storage 5 | 1 3 . 1 Processor 3 | . 3 . . Hackware . | . . . . Protection . | . . . . Artifact . | . . . . Weapon 9 | 2 5 1 1 Energy Gun 1 | . 1 . . Energy Cannon 1 | . 1 . . Ballistic Gun 3 | 1 2 . . Ballistic Cannon 1 | . . 1 . Launcher . | . . . . Special Weapon 1 | 1 . . . Impact Weapon 1 | . 1 . . Slashing Weapon 1 | . . . 1 Piercing Weapon . | . . . . Special Melee Weapon . | . . . . Unidentified Prototypes 2 | . 1 1 . Parts Lost 3 | . . 1 2 Power . | . . . . Propulsion 2 | . . . 2 Utility . | . . . . Weapon 1 | . . 1 . Highest Loss Streak 2 | . . 1 2 To Critical Strikes . | . . . . Average Slot Usage (%) 98 | . 100 94 99 Engine 14 | . 14 14 14 Leg 24 | . 18 28 27 Wheel 3 | . 9 . . Device 7 | . . 4 14 Storage 5 | . 7 9 2 Processor 15 | . 20 14 11 Energy Gun 3 | . 10 . . Energy Cannon 3 | . 9 2 . Ballistic Gun 1 | . 4 . . Ballistic Cannon 7 | . . 6 13 Impact Weapon 9 | . 1 14 14 Peak Build Rating 29 | 7 12 18 29 Average Rating 13 | 5 9 13 18 On Entrance 9 | . 7 12 18 Naked Turns . | . . . . Heaviest Build 24 | 12 20 19 24 Greatest Support 32 | 32 32 20 20 Greatest Overweight (x) 7 | . . . 7 Average Overweight (x) . | . . . . Largest Inventory Capacity 10 | 8 10 8 10 Average Capacity 6 | 7 6 6 5 Most Carried 9 | 5 8 6 9 Average Carried 5 | . 5 5 5 Final Capacity 10 | 8 8 5 10 Final Carried 9 | 5 6 5 9 Class Distribution -------------------- 100% | Mutant Dominant Class ---------------- Mutant | -10/Materials Mutant | -10/Mines Mutant | -10/Exiles Resources | -11 -10 -10 -10 ----------- Run | Yrd Mat Min Exi Matter Collected 554 | 317 165 42 30 Remotely 198 | 198 . . . Salvage Created 544 | 106 108 241 89 Parts 28 | 9 8 6 5 Haulers Intercepted . | . . . . Recyclers Shooed . | . . . . Parts Field Recycled . | . . . . Retrieved Matter . | . . . . Parts Self-Destructed . | . . . . Prevented . | . . . . Kills | -11 -10 -10 -10 ------- Run | Yrd Mat Min Exi Combat Hostiles Destroyed 15 | . 3 10 2 Melee 6 | . . 4 2 Guns 2 | . 2 . . Cannons 1 | . 1 . . Classes Destroyed 5 | 2 1 1 1 Tunneler 2 | 2 . . . Recycler 1 | 1 . . . Swarmer 6 | . . 6 . Grunt 8 | . 3 4 1 Hunter 1 | . . . 1 Best Kill Streak 5 | 2 2 5 2 Combat Bots Only 5 | . 2 5 2 Max Kills in Single Turn 1 | 1 1 1 1 Gunslinging . | . . . . Exploded . | . . . . Melee 1 | . . 1 1 Uniques/NPCs Destroyed . | . . . . Combat | -11 -10 -10 -10 -------- Run | Yrd Mat Min Exi Hostile Shots Fired 95 | . 8 50 37 Missed 20 | . 2 12 6 Damage Taken 843 | . 77 364 402 Core 262 | . 40 45 177 Absorbed by Shields . | . . . . Core Remaining (%) 100 | 100 . . . Volleys Fired 30 | 17 13 . . Largest 2 | 1 2 . . Hottest 133 | 20 133 . . Shots Fired 43 | 17 26 . . Gun 30 | 17 13 . . Cannon 10 | . 10 . . Launcher . | . . . . Special 3 | . 3 . . Kinetic 20 | 17 3 . . Thermal 23 | . 23 . . Explosive . | . . . . Electromagnetic . | . . . . Robot Hit Streak 10 | 5 10 . . Robot Miss Streak 7 | 2 7 . . Penetration Max . | . . . . Secondary Targets . | . . . . Shots Hit Robots 46 | 11 11 21 3 Core Hits 13 | 4 5 2 2 Critical Kills . | . . . . Critical Parts Destroyed 5 | . . 5 . Critical Strikes 5 | . . 5 . Smash 5 | . . 5 . Melee Attacks 43 | . 7 33 3 Impact 40 | . 7 33 . Slashing 3 | . . . 3 Piercing . | . . . . Sneak Attacks 1 | . . 1 . Combat Hostiles 1 | . . 1 . Follow-up Attacks . | . . . . Damage Inflicted 1125 | 131 181 688 125 Guns 184 | 131 53 . . Cannons 80 | . 80 . . Explosions . | . . . . Melee 813 | . . 688 125 Ramming . | . . . . Kinetic 151 | 131 20 . . Thermal 161 | . 161 . . Explosive . | . . . . Electromagnetic . | . . . . Impact 688 | . . 688 . Slashing 125 | . . . 125 Piercing . | . . . . Highest Corruption 3 | . . . 3 Average Corruption 1 | . . . 1 Corruption Purged . | . . . . Corruption Blocked . | . . . . Overload Shots . | . . . . Overflow Damage 236 | . . 236 . Projectiles . | . . . . Explosions . | . . . . Melee 236 | . . 236 . Knockbacks . | . . . . Impact . | . . . . Kinetic . | . . . . Secondary . | . . . . Self-Inflicted Damage . | . . . . Shots . | . . . . Rammed . | . . . . Targets Rammed . | . . . . Kicked . | . . . . Crushed . | . . . . Highest Temperature 271 | . 271 8 . Average Temperature 83 | . 83 8 . Received Heat Transfer 213 | . 42 117 54 Effects 3 | . 3 . . Interference 3 | . 3 . . Siege Activations . | . . . . Robots Corrupted 6 | . . 6 . Combat Hostiles 6 | . . 6 . Parts Fried 6 | . . 6 . Impact Corruptions 10 | . . 10 . Robots Melted . | . . . . Combat Hostiles . | . . . . Parts Melted . | . . . . Heat Transferred 322 | . 322 . . Parts Sabotaged . | . . . . Parts Stolen . | . . . . Parts Stripped . | . . . . Power Chain Reactions . | . . . . Alert | -11 -10 -10 -10 ------- Run | Yrd Mat Min Exi Peak Influence 274 | 15 105 274 . Initial 13 | . 9 13 . Average 112 | 7 59 212 . Maximum Alert Level 1 | . . 1 . Low Security (%) 72 | 100 100 30 . Level 1 27 | . . 69 . Level 2 . | . . . . Level 3 . | . . . . Level 4 . | . . . . Level 5 . | . . . . High Security . | . . . . Max Security . | . . . . Squads Dispatched 1 | . 1 . . Investigation . | . . . . Extermination . | . . . . Reinforcement 1 | . 1 . . Assault . | . . . . Garrison . | . . . . Intercept . | . . . . Searches Triggered . | . . . . Construction Impeded . | . . . . Haulers Reinforced . | . . . . Active Scanning Responses . | . . . . Cargo Convoy Interrupts . | . . . . Stealth | -11 -10 -10 -10 --------- Run | Yrd Mat Min Exi Distress Signals . | . . . . Communications Jammed . | . . . . Distress Signals . | . . . . Times Spotted 23 | . 6 10 7 Peak Tracking Total 5 | . 2 5 5 Tactical Retreats 2 | . . 2 . Traps | -11 -10 -10 -10 ------- Run | Yrd Mat Min Exi Traps Triggered . | . . . . Indirectly . | . . . . Trap Hack Attempts . | . . . . Triggered . | . . . . Disarmed . | . . . . Reprogrammed . | . . . . Reused . | . . . . Traps Extracted . | . . . . Installed . | . . . . Triggered . | . . . . Machines | -11 -10 -10 -10 ---------- Run | Yrd Mat Min Exi Machines Disabled 1 | . 1 . . Max in Single Turn 1 | . 1 . . Machines Repaired . | . . . . Machines Dismantled . | . . . . Machines Sabotaged . | . . . . Overloaded Fab Kills . | . . . . Hacking | -11 -10 -10 -10 --------- Run | Yrd Mat Min Exi Machines Accessed 2 | . 1 . 1 Terminals 1 | . 1 . . Fabricators . | . . . . Repair Stations . | . . . . Recycling Units . | . . . . Scanalyzers . | . . . . Garrison Access . | . . . . Total Hacks 4 | . 3 . 1 Successful 4 | . 3 . 1 Failed . | . . . . Catastrophic . | . . . . Database Lockouts . | . . . . Manual 1 | . . . 1 Terminals 3 | . 3 . . Fabricators . | . . . . Repair Stations . | . . . . Recycling Units . | . . . . Scanalyzers . | . . . . Garrison Access . | . . . . Terminal Hacks 4 | . 3 . 1 Record 3 | . 3 . . Derelict Proto ID Bank 1 | . . . 1 Fabricator Hacks . | . . . . Repair Station Hacks . | . . . . Recycling Unit Hacks . | . . . . Scanalyzer . | . . . . Garrison Access Hacks . | . . . . Unauthorized Hacks . | . . . . Terminals . | . . . . Fabricators . | . . . . Repair Stations . | . . . . Recycling Units . | . . . . Scanalyzers . | . . . . Garrison Access . | . . . . Data Cores Recovered . | . . . . Used . | . . . . Hacking Detections . | . . . . Full Trace Events . | . . . . Feedback Events . | . . . . Feedback Blocked . | . . . . Robot Schematics Acquired . | . . . . Robots Built . | . . . . Authchips . | . . . . Time . | . . . . Total Robot Build Rating . | . . . . Part Schematics Acquired . | . . . . Parts Built . | . . . . Authchips . | . . . . Time . | . . . . Total Part Build Rating . | . . . . Parts Repaired . | . . . . Time . | . . . . Parts Recycled . | . . . . Recycled Matter . | . . . . Retrieved Matter . | . . . . Retrieved Components . | . . . . Parts Scanalyzed . | . . . . Part Schematics Acquired . | . . . . Parts Damaged . | . . . . Bothacking | -11 -10 -10 -10 ------------ Run | Yrd Mat Min Exi Used RIF Installer . | . . . . Robots Hacked . | . . . . Non-combat . | . . . . Combat . | . . . . Robot Hacks Applied . | . . . . Relay Couplers Released . | . . . . Fabnet Peak Effective % . | . . . . Robots Rewired . | . . . . Allies Hacked . | . . . . Hacks Repelled . | . . . . Allies | -11 -10 -10 -10 -------- Run | Yrd Mat Min Exi Total Allies . | . . . . Largest Group . | . . . . Highest-Rated Group . | . . . . Highest-Rated Ally . | . . . . Total Orders . | . . . . Ally Attacks . | . . . . Total Damage . | . . . . Kills . | . . . . Allies Corrupted . | . . . . Allies Melted . | . . . . Intel | -11 -10 -10 -10 ------- Run | Yrd Mat Min Exi Robot Analysis Total . | . . . . Derelict Logs Recovered 1 | . . 1 . Drone Launches . | . . . . Drone Recoveries . | . . . . Exploration | -11 -10 -10 -10 ------------- Run | Yrd Mat Min Exi Turns Passed 1742 | 172 494 438 638 Spaces Moved 1206 | 125 332 262 487 Core 12 | 11 . . 1 Treads . | . . . . Legs 949 | 3 198 262 486 Wheels 245 | 111 134 . . Hover . | . . . . Flight . | . . . . Fastest Speed 50 | 50 100 120 120 Average Speed 118 | 96 111 120 128 Slowest Speed 400 | 120 120 120 400 Overloaded Moves . | . . . . Propulsion Burnouts . | . . . . Robots Hopped . | . . . . Cave-ins Triggered . | . . . . Exploration Rate (%) 43 | 6 33 48 86 Regions Visited 3 Branch Regions 2 Pre-discovered Areas 1 | . . 1 . Known Exits Taken 2 | . 1 1 . Unknown Exits Taken 1 | 1 . . . Scrap Searched 3 | . . 3 . Spaces Dug 5 | . 4 1 . Terrain Destroyed 5 | . 4 1 . Melee 5 | . 4 1 . Projectile . | . . . . AOE . | . . . . Terrain Rammed . | . . . . Walls Destroyed . | . . . . Machines Disabled . | . . . . Actions | -11 -10 -10 -10 --------- Run | Yrd Mat Min Exi Total 1388 | 155 407 328 498 Wait 55 | . 26 28 1 Move 1203 | 124 331 261 487 Hop . | . . . . Pick Up 15 | 5 7 1 2 Fast Attach 9 | 7 . 1 1 Attach 1 | . . . 1 Detach 1 | . . . 1 Swap 20 | 2 15 2 1 Drop 11 | . 8 2 1 Fire 30 | 17 13 . . Melee 43 | . 7 33 3 Ram . | . . . . Kick . | . . . . Crush . | . . . . Escape Stasis . | . . . . Rewire . | . . . . Trap . | . . . . Miscellaneous . | . . . . Route ------- -11/Scrapyard -10/Materials -10/Mines -10/Exiles History --------- Turn | Location | Event 7 | -11/Scrapyard | Discovered new exit (range 15) 173 | -11/Scrapyard | Entered Materials 309 | -10/Materials | Build established: Mutant 398 | -10/Materials | Discovered new exit (range 16) 666 | -10/Materials | Identified exit to Mines 667 | -10/Materials | Entered Mines 937 | -10/Mines | Learned location of Zion (-7) 956 | -10/Mines | Found a damaged Exp. Sensor Array with a note attached 958 | -10/Mines | Found Prototype Device 958 | -10/Mines | Identified Exp. Sensor Array 1101 | -10/Mines | Deemed a non-threat by the Exiles lab entrance 1101 | -10/Mines | Discovered new exit (range 5) 1104 | -10/Mines | Identified exit to Exiles 1105 | -10/Mines | Entered Exiles 1134 | -10/Exiles | Met 8R-AWN 1158 | -10/Exiles | Met EX-HEX 1225 | -10/Exiles | Met EX-DEC 1253 | -10/Exiles | Visited The Gauntlet 1504 | -10/Exiles | Met EX-BIN 1521 | -10/Exiles | Aligned with FarCom system 1522 | -10/Exiles | Given EX-Vault access code 1551 | -10/Exiles | Opened EX-Vault 1600 | -10/Exiles | Exiles lab attacked by MAIN.C 1633 | -10/Exiles | Found Flying Fortress v7 1640 | -10/Exiles | Found Longsword +1 1736 | -10/Exiles | Core integrity fell below 50% 1741 | -10/Exiles | Core integrity fell below 20% 1743 | -10/Exiles | Destroyed by P-60 Hacker with Shock Rifle Last Messages --------------- Longsword +1 Deploy-a-Sentry 01600_ EXILES: Incoming Unaware force detected on approach from Mines. Prepare for evacuation. 01627_ Dropped Exp. Sensor Array. 01628_ Acquired Exp. Sensor Array. 01629_ Discarded Signal Interpreter. 01633_ Acquired Flying Fortress v7. 01635_ EXILES: Lab perimeter alert, evacuate immediately. 01640_ Acquired Longsword +1. 01711_ Slug penetrates Wall. 01721_ Penetrated by Slug. 01724_ Slug penetrates Machine. 01724_ Machine disabled. 01727_ H-55 Commando destroyed. 01729_ Acquired 30 matter. 01731_ G-34 Mercenary destroyed. 01731_ Aluminum Leg destroyed. Map ----- +----------------------------------------------------+ | ????????????????""""""?# #???####????????????? | | ????????????????"""" ## #???????????????????? | | ???????????????#""X" #???????????????????? | | ???????????????#" #???????????????????? | | ???????????????#" ## #???????????????????? | | ???????????????#""""""?# #?#########?????????? | | ???????????????##"###??# #?#"""""""#?????????? | | ???????????????????????# #?#"""""""#?????????? | | ???????????????????????# #?#"""""""#?????????? | | ??????????????????????## ###"" """"#?????????? | | ??????????????????????#" """"#?????????? | | ??????????????????????#" """#?????????? | | ??????????????????????#" """#?????????? | | ??????????????????????#" """#?????????? | | ???????########???????#" """#?????????? | | ???????# """#???????#" """#?????????? | | ???????#"" """#???????## """"?????????? | | ???????#"" #????????# """#?????????? | | ???????#"" #????????#" "X" """"?????????? | | ???????#"" "#????????# """ #?????????? | | ???????# ""#????????#" """""""""#?????????? | | ???????#"" ""#???????##" ###########?????????? | | ???????### ###??????##"" g *#???????????????????? | | ####???### ###?######"" %#???????????????????? | | """#####X# #"###""""""" [=##??????????????????? | | """""" " " @ =!##???###########???? | | "" """ " #####"""""""""##??? | | " " " """ """"##?? | | "" " #?? | | " """#?? | | " "#?? | | # " "##? | | ##" ""## | | ?#""" """""" """ | | ##" ######""" " | | #"" ""##????#####""" pp | | #""" """##??????????#""" p ? | | """ """##???????????#""""? ?? | | """ ""#???????????##"" | | "" ########??####"""" | | """ ## ####""" | | "" """" | | #"" | | #"""" | | ## " | | ?#" " "" """ " | | ?#"""" ""## ##""" " " ""#" " | | ?#"" ""#### ######""" """##"""""""# | | ?#" """"##??# #????###""""########### | | ?#""" """#??## ####????#####?????????? | +----------------------------------------------------+ Best States ------------- Heat Dissipation 25 Energy Generation 14 Energy Capacity 280 Matter Stores 300 Matter Capacity 300 Sight Range 16 Robot Scan Range 20 Terrain Scan Density 10 Evasion (%) 55 Targeting Accuracy 10 Item Schematics ----------------- None Robot Schematics ------------------ None Fabricated ------------ Nothing Alien Tech Used ----------------- None Achievements -------------- Use The Force Challenges ------------ None Game ------ Seed NullAssaultClaymores Manual? 0 Play Time 00:21:16 Cumulative 11.9 hours Start 2024.09.05 @ 15:40:50 End 2024.09.05 @ 16:06:00 Sessions 1 Manual Loads 0 Difficulty Rogue Special Mode None Game No. 18 Rogue 18 Adventurer 0 Explorer 0 Win Type - Total 0 Types 0/0/0/0/0/0/0/0/0 Lore% 7 Gallery% 19 Achievement% 14 Wizard Run 0 Options --------- Layout 2 ASCII 0 Keyboard 1 Movement Numpad Keybinds 0 Fullscreen 2 Font 24/Smallcaps Map View 50x44 Zoom Use 12% Tactical HUD 1 Map Filters NONE Filters NONE Steam 1 RUN: 7bb45cf2-b6b3-491f-ad8e-740f988657fd